AoeStats
← 风中雨点

Arena

505387633Analyzed
1v1 RM · 23d ago on Sep 9, 2026· 39m 31s· 2 players
Game mode
Random Map
Map size
Tiny (2 player)
Population
200
Speed
Normal
Resources
Standard
Victory
Conquest
Starting age
Dark Age
Ending age
Imperial Age
RankedLock teamsTeams togetherTeam positionsShared explorationLock speedFull tech treeHidden civsTurbo modeCheats
Victory
Defeat
🇨🇳 Franks · China
1385
+18
🇨🇳 Khmer · China
1434
-18
笨鸟
2:51 Loom
11:59 Feudal Age
14:53 Castle Age
17:48 Horse Collar
17:56 Double-Bit Axe
18:56 Bow Saw
21:00 Wheelbarrow
20:42 Heavy Plow
24:07 Hand Cart
26:41 Town Watch
30:06 Imperial Age
28:14 Stone Mining
28:18 Gold Mining
28:49 Scale Mail Armor
29:35 Gold Shaft Mining
29:11 Pikeman
30:04 Forging
30:37 Stone Shaft Mining
30:24 Halberdier
31:21 Chain Mail Armor
31:42 Iron Casting
31:30 Conscription
33:01 Crop Rotation
31:56 Heavy Scorpion
32:43 Arson
34:25 Blast Furnace
33:31 Scale Barding Armor
34:10 Ballistics
34:50 Chemistry
34:37 Fortified Wall
34:48 Double Crossbow
37:07 Chemistry
风中雨点
10:30 Feudal Age
14:17 Castle Age
15:39 Double-Bit Axe
23:39 Bow Saw
24:09 Wheelbarrow
25:05 Loom
25:41 Hand Cart
25:15 Town Watch
28:29 Imperial Age
26:04 Husbandry
26:11 Scale Barding Armor
27:29 Gold Mining
27:30 Stone Mining
28:05 Chain Barding Armor
28:31 Forging
28:30 Cavalier
29:24 Chivalry
30:12 Plate Barding Armor
30:16 Conscription
30:45 Iron Casting
30:52 Gold Shaft Mining
29:51 Paladin
33:08 Blast Furnace
33:07 Ballistics
32:55 Light Cavalry
35:56 Siege Engineers
Connection lost

Rejoining the realm…

Still unreachable

The connection could not be restored.

Session expired

The server has moved on; the page needs a fresh start.